[Event "Titled Tuesday Blitz July 25 Early 2023"]
[White "Kazakouski, Valery"]
[Black "Mamedov, Edgar"]
[WhiteFideId "13507443"]
[BlackFideId "13739980"]
[WhiteElo "2856"]
[BlackElo "2608"]
[Result "1-0"]
[Round "4"]
[TimeControl "180+2"]
[Date "2023.07.25"]
[WhiteClock "0:01:40"]
[BlackClock "0:00:02"]
[Board "31"]

1. Nf3 d5 2. c4 c6 3. g3 Nf6 4. Bg2 Bf5 5. Qb3 Qb6 6. d3 dxc4 7. Qxc4 Nbd7 8. O-O e6 9. Qc2 h6 10. a3 Be7 11. Nc3 O-O 12. e4 Bg4 13. Be3 c5 14. Nd2 e5 15. f4 exf4 16. gxf4 Qd8 17. e5 Ne8 18. Bxb7 Rb8 19. Be4 Nc7 20. Nc4 Ne6 21. Qg2 Bh5 22. Nd5 f5 23. Bf3 Bf7 24. b4 cxb4 25. axb4 Nb6 26. Ncxb6 axb6 27. Ra7 Re8 28. d4 Kh8 29. Nxe7 Rxe7 30. Rxe7 Qxe7 31. d5 Nf8 32. e6 Bg6 33. Qb2 Qe8 34. Bd4 Kh7 35. Bxg7 Bh5 36. Bxf8 Bxf3 37. Qg7# 1-0


[Site "https://www.chess.com"]

[Event "Titled Tuesday Blitz July 25 Early 2023"]
[White "Nenezic, Marko"]
[Black "Krutko, Anatoly"]
[WhiteFideId "912123"]
[BlackFideId "4185862"]
[WhiteElo "2800"]
[BlackElo "2581"]
[Result "1/2-1/2"]
[Round "4"]
[TimeControl "180+2"]
[Date "2023.07.25"]
[WhiteClock "0:00:06"]
[BlackClock "0:00:29"]
[Board "32"]

1. d4 Nf6 2. c4 g6 3. Nc3 Bg7 4. e4 O-O 5. Be2 d6 6. Be3 Na6 7. Nf3 e5 8. O-O Bg4 9. d5 Nc5 10. Nd2 Bxe2 11. Qxe2 a5 12. b3 Nh5 13. g3 Bf6 14. Nf3 Qd7 15. Rfe1 Qg4 16. Nd2 Qxe2 17. Rxe2 Bg7 18. Rb1 f5 19. exf5 gxf5 20. Nb5 Na6 21. Bg5 Rae8 22. Nf1 Bf6 23. Bd2 b6 24. a3 Rf7 25. b4 axb4 26. axb4 e4 27. Rb3 Be5 28. Ra3 Nb8 29. Ra8 Ref8 30. Bh6 Bg7 31. Bxg7 Nxg7 32. Ra7 Ne8 33. Ne3 Nd7 34. Nxc7 Ne5 35. Nb5 Rxa7 36. Nxa7 f4 37. gxf4 Rxf4 38. Nc6 Nf3+ 39. Kg2 Nf6 40. Nf5 Rg4+ 41. Ng3 h5 42. Ne7+ Kh7 43. Nf5 h4 44. Rxe4 Nxe4 45. Kxf3 hxg3 46. Nxg3 Rxg3+ 47. fxg3 Nd2+ 48. Kf4 Nxc4 49. Kf5 Kh6 50. g4 Ne3+ 51. Ke6 Nc4 52. h4 Kg6 53. Kd7 Kf6 54. h5 Kg5 55. Kc6 Kf6 56. h6 Ne5+ 57. Kxd6 Nxg4 58. Kc6 Nxh6 59. d6 Nf7 60. d7 Ke7 61. Kxb6 Kxd7 62. Kc5 Nd6 63. b5 Nxb5 1/2-1/2


[Site "https://www.chess.com"]

[Event "Titled Tuesday Blitz July 25 Early 2023"]
[White "Richter, Nils"]
[Black "Elsa167"]
[WhiteFideId "12990809"]
[WhiteElo "2580"]
[BlackElo "2785"]
[Result "0-1"]
[Round "4"]
[TimeControl "180+2"]
[Date "2023.07.25"]
[WhiteClock "0:00:03"]
[BlackClock "0:00:28"]
[Board "33"]

1. d4 f5 2. e4 fxe4 3. Nc3 Nf6 4. Bg5 Nc6 5. d5 Ne5 6. Qe2 d6 7. O-O-O Bf5 8. f4 exf3 9. Nxf3 Nxf3 10. Bxf6 gxf6 11. Qxf3 Bh6+ 12. Kb1 Bg6 13. h4 a6 14. g4 Qd7 15. g5 fxg5 16. Bh3 Qd8 17. hxg5 Bg7 18. Rde1 Rf8 19. Qe3 Be5 20. Rhf1 c6 21. Be6 Qa5 22. Qh3 Rxf1 23. Rxf1 Rb8 24. Qh6 Kd8 25. Qf8+ Kc7 26. Qxe7+ Kb6 27. Nd1 Qd2 28. Ne3 Qxe3 29. dxc6 bxc6 30. Rc1 Rb7 31. Qd8+ Ka7 0-1


[Site "https://www.chess.com"]

[Event "Titled Tuesday Blitz July 25 Early 2023"]
[White "LangesNasenhaar"]
[Black "Vakhlamov, Igor L."]
[BlackFideId "24126748"]
[WhiteElo "2496"]
[BlackElo "2770"]
[Result "0-1"]
[Round "4"]
[TimeControl "180+2"]
[Date "2023.07.25"]
[WhiteClock "0:00:11"]
[BlackClock "0:00:35"]
[Board "34"]

1. d4 d6 2. Nc3 Nf6 3. e4 g6 4. Bg5 Bg7 5. e5 Nfd7 6. f4 O-O 7. exd6 cxd6 8. Nf3 Nc6 9. Be2 Nf6 10. O-O Bf5 11. Bd3 Bxd3 12. Qxd3 Rc8 13. Rad1 Qd7 14. h3 a6 15. Rfe1 Rfe8 16. Bxf6 Bxf6 17. Nd5 Rcd8 18. Nxf6+ exf6 19. a3 d5 20. c3 Na5 21. Nd2 Kg7 22. b4 Nc6 23. a4 Qc7 24. Qf3 a5 25. b5 Ne7 26. g4 Nc8 27. Nb3 b6 28. Nd2 Nd6 29. Rc1 Nc4 30. Nf1 Qd6 31. Kf2 Qa3 32. Rxe8 Rxe8 33. Re1 Rxe1 34. Kxe1 Qxa4 35. Qxd5 Qa1+ 36. Kf2 Qxc3 37. g5 fxg5 38. fxg5 a4 39. Ng3 Qd2+ 40. Kf3 Qe3+ 41. Kg2 Qd2+ 42. Kf3 Qd3+ 43. Kg2 Ne3+ 44. Kf2 Nxd5 0-1


[Site "https://www.chess.com"]

[Event "Titled Tuesday Blitz July 25 Early 2023"]
[White "Attacker_2006"]
[Black "Remizov, Yaroslav"]
[BlackFideId "34134015"]
[WhiteElo "2390"]
[BlackElo "2760"]
[Result "0-1"]
[Round "4"]
[TimeControl "180+2"]
[Date "2023.07.25"]
[WhiteClock "0:00:01"]
[BlackClock "0:00:12"]
[Board "35"]

1. e4 c6 2. d4 d5 3. e5 Bf5 4. h4 h5 5. Bd3 Bxd3 6. Qxd3 Qa5+ 7. Nd2 e6 8. Nf3 Nh6 9. c4 Nf5 10. b3 Be7 11. O-O Nxh4 12. Nxh4 Bxh4 13. Nf3 Be7 14. Bg5 Qd8 15. Qe3 Nd7 16. Qf4 h4 17. c5 h3 18. g4 Nf8 19. b4 Ng6 20. Qe3 h2+ 21. Kh1 Rh3 22. Bxe7 Qxe7 23. Kg2 Rh8 24. Rh1 O-O-O 25. Rxh2 Rxh2+ 26. Kxh2 Rh8+ 27. Kg2 Nh4+ 28. Nxh4 Qxh4 29. Qg3 Qh7 30. Re1 Kd7 31. a4 Qc2 32. Qf4 Ke8 33. b5 Qc3 34. Rh1 Rxh1 35. Kxh1 Qa1+ 36. Kg2 Qxa4 37. bxc6 bxc6 38. Qd2 Qb5 39. Kf3 a5 40. Ke3 a4 41. Qa2 g5 42. Kd2 Qb4+ 43. Kd3 a3 44. Qc2 Kd7 45. Qc3 Qb5+ 46. Kc2 a2 47. Qa3 Qb1+ 48. Kd2 a1=Q 49. Qa7+ Qxa7 0-1


[Site "https://www.chess.com"]

[Event "Titled Tuesday Blitz July 25 Early 2023"]
[White "Tomaszewski, Kacper"]
[Black "So, Wesley"]
[WhiteFideId "1127373"]
[BlackFideId "5202213"]
[WhiteElo "2463"]
[BlackElo "3091"]
[Result "0-1"]
[Round "4"]
[TimeControl "180+2"]
[Date "2023.07.25"]
[WhiteClock "0:00:01"]
[BlackClock "0:00:32"]
[Board "36"]

1. d4 d5 2. c4 e6 3. Nc3 Nf6 4. cxd5 exd5 5. Bg5 Bb4 6. Qa4+ Nc6 7. e3 h6 8. Bxf6 Qxf6 9. Nf3 O-O 10. Bb5 Bxc3+ 11. bxc3 Ne7 12. O-O Rd8 13. Be2 c5 14. dxc5 Bd7 15. Qd4 Qc6 16. Ne5 Qc7 17. Qf4 Be6 18. Bh5 f6 19. Ng6 Qxc5 20. Nxe7+ Qxe7 21. Qb4 Qxb4 22. cxb4 d4 23. exd4 Rxd4 24. a3 b6 25. Rfd1 Rad8 26. Rxd4 Rxd4 27. Rd1 Rc4 28. g3 Rc3 29. Bg6 Kf8 30. Rd3 Rc1+ 31. Kg2 Ke7 32. Kf3 f5 33. Ke3 Kf6 34. Bh5 g5 35. Bf3 Ke5 36. Bb7 f4+ 37. gxf4+ gxf4+ 38. Kf3 a5 39. bxa5 bxa5 40. Ba8 a4 41. Bb7 h5 42. Ba8 Bc4 43. Rd8 Rc3+ 44. Kg2 Rxa3 45. Rh8 Bf7 0-1


[Site "https://www.chess.com"]

[Event "Titled Tuesday Blitz July 25 Early 2023"]
[White "Andreikin, Dmitry"]
[Black "Lamaze, Simon"]
[WhiteFideId "4158814"]
[BlackFideId "36069264"]
[WhiteElo "3026"]
[BlackElo "2619"]
[Result "1-0"]
[Round "4"]
[TimeControl "180+2"]
[Date "2023.07.25"]
[WhiteClock "0:00:19"]
[BlackClock "0:00:13"]
[Board "37"]

1. d4 Nf6 2. c4 e6 3. Nf3 d5 4. Nc3 Be7 5. Bf4 O-O 6. e3 b6 7. Rc1 Bb7 8. Be2 dxc4 9. O-O a6 10. Bxc4 Nbd7 11. Qe2 c5 12. Rfd1 b5 13. Bb3 Qb6 14. d5 c4 15. dxe6 Qxe6 16. Nd4 Qb6 17. Bc2 Rfe8 18. Nf5 Qc6 19. f3 Bc5 20. Ne4 Nxe4 21. Bxe4 Rxe4 22. fxe4 Nf6 23. e5 Nd5 24. Kh1 Re8 25. Qg4 Qg6 26. Qxg6 hxg6 27. Nd6 Bxd6 28. exd6 Rd8 29. Rd4 Nb4 30. d7 Bc6 31. a3 Nd3 32. Rxd3 cxd3 33. Rxc6 Rxd7 34. Rc1 f6 35. Rd1 g5 36. Bg3 Kf7 37. Kg1 Ke6 38. e4 g6 39. Kf2 f5 40. exf5+ gxf5 41. Ke1 f4 42. Bf2 Kf5 43. Kd2 g4 44. Re1 Rh7 45. Bg1 Rd7 46. Re8 Rh7 47. Kxd3 Rd7+ 48. Bd4 Rc7 49. Rf8+ Kg5 50. Be5 Rd7+ 51. Ke4 1-0


[Site "https://www.chess.com"]

[Event "Titled Tuesday Blitz July 25 Early 2023"]
[White "Duda, Jan-Krzysztof"]
[Black "Parpiev, Isaak"]
[WhiteFideId "1170546"]
[BlackFideId "34281576"]
[WhiteElo "2993"]
[BlackElo "2615"]
[Result "1-0"]
[Round "4"]
[TimeControl "180+2"]
[Date "2023.07.25"]
[WhiteClock "0:00:04"]
[BlackClock "0:00:01"]
[Board "38"]

1. d4 Nf6 2. g3 e6 3. Bg2 d5 4. c4 Bb4+ 5. Nd2 O-O 6. Qc2 Nbd7 7. Nf3 c5 8. cxd5 exd5 9. a3 Bxd2+ 10. Bxd2 c4 11. b3 cxb3 12. Qxb3 Re8 13. e3 Nb6 14. O-O Nc4 15. Rfc1 Ne4 16. Bc3 b6 17. Ne5 Nxe5 18. dxe5 Be6 19. Bd4 Rc8 20. a4 Nd2 21. Qd3 Nc4 22. h3 Qg5 23. Qe2 h5 24. Kh2 h4 25. g4 f5 26. exf6 gxf6 27. f4 Qh6 28. Rg1 Bf7 29. g5 fxg5 30. Bf3 Kh7 31. Rxg5 Rg8 32. Rag1 Rxg5 33. Rxg5 Rg8 34. Qd3+ Bg6 35. Qf1 Bf7 36. Qb1+ Bg6 37. Qg1 Bf7 38. Rxg8 Bxg8 39. Qg4 Be6 40. f5 Bf7 41. f6 Nxe3 42. Bxe3 Qxe3 43. Qg7# 1-0


[Site "https://www.chess.com"]

[Event "Titled Tuesday Blitz July 25 Early 2023"]
[White "NicolaiMaxime"]
[Black "Kevlishvili, Robby"]
[BlackFideId "1040634"]
[WhiteElo "2611"]
[BlackElo "2992"]
[Result "0-1"]
[Round "4"]
[TimeControl "180+2"]
[Date "2023.07.25"]
[WhiteClock "0:00:01"]
[BlackClock "0:00:28"]
[Board "39"]

1. c4 Nf6 2. Nc3 g6 3. g3 Bg7 4. Bg2 O-O 5. d4 d6 6. Nf3 Nc6 7. O-O a6 8. e4 Bg4 9. h3 Bxf3 10. Bxf3 Nd7 11. Be3 e5 12. d5 Nd4 13. Bg2 c5 14. dxc6 bxc6 15. Ne2 c5 16. Nc3 Rb8 17. b3 a5 18. f4 Re8 19. f5 Nb6 20. g4 a4 21. g5 Ra8 22. f6 Bf8 23. Rb1 axb3 24. axb3 Ra3 25. h4 Qd7 26. Kh2 h5 27. gxh6 Kh7 28. h5 Bxh6 29. Bxh6 Kxh6 30. Qc1+ g5 31. Qxa3 Qg4 32. Qc1 Qxh5+ 33. Kg1 Kg6 34. Qe3 Rh8 35. Qg3 Nd7 36. Bf3 Qh6 37. Bg2 Nxf6 38. b4 Kg7 39. bxc5 Nh5 40. Qh2 Qg6 41. cxd6 Nf4 42. Qxh8+ Kxh8 43. d7 Qd6 44. Rb7 Nde6 45. Nd5 Kg7 46. Rd1 Qc5+ 47. Kh2 Qf2 48. Nxf4 Nxf4 49. Rg1 Qh4+ 50. Bh3 Qxh3# 0-1


[Site "https://www.chess.com"]

[Event "Titled Tuesday Blitz July 25 Early 2023"]
[White "Xiong, Jeffery"]
[Black "Pinero Rodriguez, Carlos Jose"]
[WhiteFideId "2047640"]
[BlackFideId "3901726"]
[WhiteElo "2989"]
[BlackElo "2609"]
[Result "1-0"]
[Round "4"]
[TimeControl "180+2"]
[Date "2023.07.25"]
[WhiteClock "0:01:39"]
[BlackClock "0:00:19"]
[Board "40"]

1. e4 c5 2. Nf3 e6 3. c3 Nf6 4. Bd3 Nc6 5. Bc2 d5 6. e5 Nd7 7. d4 cxd4 8. cxd4 Be7 9. O-O g5 10. Nc3 g4 11. Ne1 h5 12. f4 Qb6 13. Ne2 f5 14. exf6 Bxf6 15. Be3 Nf8 16. f5 e5 17. Nc3 Ne7 18. Kh1 exd4 19. Na4 Qb4 20. Bg1 Bd7 21. Nd3 Qd6 22. Ndc5 Bc6 23. Bxd4 O-O-O 24. Ne6 Bxd4 25. Nxd8 Be3 26. Nf7 Qf6 27. Nxh8 Qxh8 28. f6 Neg6 29. Bxg6 Nxg6 30. Qd3 Qh6 31. f7 Nf8 32. Qf5+ Kc7 33. Qe5+ Qd6 34. Qxe3 Bxa4 35. Rac1+ Bc6 36. Qxa7 d4 37. Rxc6+ Qxc6 38. Qxd4 1-0


[Site "https://www.chess.com"]

[Event "Titled Tuesday Blitz July 25 Early 2023"]
[White "Ibarra Jerez, Jose Carlos"]
[Black "Nurgaliyeva, Zarina"]
[WhiteFideId "2226332"]
[BlackFideId "13730096"]
[WhiteElo "2935"]
[BlackElo "2601"]
[Result "1-0"]
[Round "4"]
[TimeControl "180+2"]
[Date "2023.07.25"]
[WhiteClock "0:01:36"]
[BlackClock "0:01:00"]
[Board "42"]

1. e4 e5 2. Nf3 Nc6 3. Nc3 Nf6 4. h3 d5 5. exd5 Nxd5 6. Bb5 Nxc3 7. bxc3 Bd6 8. O-O O-O 9. d4 exd4 10. cxd4 h6 11. c4 Qf6 12. Bb2 Ne7 13. Qb3 c6 14. Ba4 Ng6 15. c5 Bc7 16. d5 Qf4 17. d6 Be6 18. Qc3 f6 19. Bb3 Bxb3 20. Qxb3+ Kh7 21. dxc7 Qxc7 22. Nd4 Rfe8 23. Rfe1 Qf4 24. Ne6 Qf5 25. Re3 Re7 26. Rae1 Rae8 27. g4 Qd5 28. Qxd5 cxd5 29. Nf8+ Rxf8 30. Rxe7 Nxe7 1-0


[Site "https://www.chess.com"]

[Event "Titled Tuesday Blitz July 25 Early 2023"]
[White "Veiga, Jose Francisco R P Neves"]
[Black "ChessBrah"]
[WhiteFideId "1930087"]
[WhiteElo "2598"]
[BlackElo "2924"]
[Result "0-1"]
[Round "4"]
[TimeControl "180+2"]
[Date "2023.07.25"]
[WhiteClock "0:00:02"]
[BlackClock "0:01:35"]
[Board "43"]

1. c4 e5 2. Nc3 Nc6 3. Nf3 f5 4. d3 Bb4 5. Bd2 Nf6 6. a3 Bxc3 7. Bxc3 d6 8. g3 O-O 9. Bg2 Qe8 10. O-O Qh5 11. e3 f4 12. exf4 Bg4 13. f5 Nd7 14. h3 Bxh3 15. Nh4 Bg4 16. f3 Bxf5 17. Nxf5 Qxf5 18. f4 Qg6 19. Kh2 exf4 20. gxf4 Nf6 21. Qf3 Rae8 22. Rae1 h5 23. Rxe8 Rxe8 24. Bh3 Ng4+ 25. Bxg4 hxg4 26. Qd5+ Kh7 27. Kg3 Re3+ 28. Kf2 Rxd3 29. Rh1+ Rh3 30. f5 Qg5 31. Kg2 Rxh1 32. Kxh1 Ne7 33. Qxb7 Nxf5 34. Qxc7 Qc1+ 35. Kg2 Qc2+ 36. Kg1 Qd1+ 37. Kg2 Qe2+ 38. Kg1 g3 39. Qc6 0-1


[Site "https://www.chess.com"]

[Event "Titled Tuesday Blitz July 25 Early 2023"]
[White "Gholami Orimi, Mahdi"]
[Black "Tologon tegin, Semetei"]
[WhiteFideId "12558486"]
[BlackFideId "13800574"]
[WhiteElo "2899"]
[BlackElo "2592"]
[Result "1-0"]
[Round "4"]
[TimeControl "180+2"]
[Date "2023.07.25"]
[WhiteClock "0:00:06"]
[BlackClock "0:00:03"]
[Board "44"]

1. Nf3 b6 2. b3 Bb7 3. Bb2 f5 4. c4 e6 5. Nc3 Nf6 6. e3 Bb4 7. Be2 O-O 8. Qc2 Bxc3 9. Bxc3 d6 10. h3 Nbd7 11. Rg1 Qe7 12. d3 a5 13. g4 a4 14. gxf5 exf5 15. Nd4 g6 16. Nxf5 Qe6 17. Nh6+ Kh8 18. Ng4 Kg8 19. b4 Nxg4 20. Bxg4 Qe7 21. O-O-O Bf3 22. Rde1 Ne5 23. Rg3 Bxg4 24. hxg4 Rxf2 25. Re2 Raf8 26. Rg2 Rxg2 27. Rxg2 a3 28. Qe2 c5 29. d4 Nc6 30. b5 Nb4 31. Bxb4 cxb4 32. Qd3 Rf3 33. Re2 Qe6 34. Kc2 Qxg4 35. Kb3 Qg1 36. Kxb4 Qf1 37. Qc2 Qg1 38. Qb3 Qf1 39. Rc2 Qe1+ 40. Qc3 Qb1+ 41. Kxa3 Rxe3 42. Qxe3 Qxc2 43. Qe6+ Kg7 44. Qe7+ Kh6 45. Qh4+ Kg7 46. Qe7+ Kg8 47. Qd8+ Kg7 48. Qxb6 Qxc4 49. Qb7+ Kh6 50. Qh1+ Kg5 51. Qg2+ Kf5 52. Qb2 Qd3+ 53. Ka4 Qc4+ 54. Ka5 h5 55. b6 Qc8 56. b7 Qb8 57. Ka6 h4 58. Qc2+ Kg4 59. Qc8+ Kg3 60. Qxb8 1-0


[Site "https://www.chess.com"]

[Event "Titled Tuesday Blitz July 25 Early 2023"]
[White "Ahmad, Khagan"]
[Black "Zhigalko, Sergei"]
[WhiteFideId "13431552"]
[BlackFideId "13502956"]
[WhiteElo "2582"]
[BlackElo "2892"]
[Result "1-0"]
[Round "4"]
[TimeControl "180+2"]
[Date "2023.07.25"]
[WhiteClock "0:00:04"]
[BlackClock "0:00:01"]
[Board "45"]

1. c4 e5 2. Nc3 Nf6 3. g3 c6 4. Bg2 d5 5. d4 e4 6. Nh3 h6 7. O-O dxc4 8. Bf4 Be7 9. Be5 Nbd7 10. Nf4 O-O 11. Bxf6 Nxf6 12. Nxe4 Nxe4 13. Bxe4 Bd6 14. e3 Re8 15. Bg2 Bxf4 16. gxf4 Be6 17. Kh1 Qb6 18. Rb1 Rad8 19. Rg1 Qa5 20. a3 Qf5 21. Qf3 Bd5 22. Qg3 g6 23. Rbc1 c5 24. dxc5 Bxg2+ 25. Qxg2 Qxc5 26. Qxb7 Rb8 27. Qf3 Rxb2 28. f5 g5 29. h4 f6 30. Qh5 Qc6+ 31. Rg2 Re7 32. Rf1 c3 33. Qxh6 c2 34. hxg5 c1=Q 35. gxf6+ Qxg2+ 36. Kxg2 Qc6+ 37. Kh2 Rh7 38. f7+ Kxf7 39. Qxh7+ Kf8 40. Qh8+ Kf7 41. Qh7+ Kf8 42. Rg1 Rxf2+ 43. Kg3 1-0


[Site "https://www.chess.com"]

[Event "Titled Tuesday Blitz July 25 Early 2023"]
[White "Al-Tarboush, Ward"]
[Black "Moroni, Luca Jr"]
[WhiteFideId "7601450"]
[BlackFideId "865834"]
[WhiteElo "2581"]
[BlackElo "2857"]
[Result "0-1"]
[Round "4"]
[TimeControl "180+2"]
[Date "2023.07.25"]
[WhiteClock "0:01:06"]
[BlackClock "0:01:08"]
[Board "46"]

1. e4 g6 2. d4 Bg7 3. Nc3 a6 4. a4 d6 5. f4 d5 6. exd5 Nf6 7. Qf3 Bg4 8. Qg3 Bf5 9. Nf3 Nxd5 10. Bc4 e6 11. O-O Nc6 12. Nxd5 exd5 13. Re1+ Kf8 14. Bd3 Bxd3 15. cxd3 Nxd4 16. f5 Nxf5 17. Qg4 b6 18. Bg5 Bf6 19. Rac1 Kg7 20. Bf4 c5 21. b4 Re8 22. Rxe8 Qxe8 23. bxc5 bxc5 24. Rxc5 Bd4+ 0-1


[Site "https://www.chess.com"]

[Event "Titled Tuesday Blitz July 25 Early 2023"]
[White "Sychev, Klementy"]
[Black "Fernandez, Fernando"]
[WhiteFideId "4114060"]
[BlackFideId "3802299"]
[WhiteElo "2835"]
[BlackElo "2576"]
[Result "1-0"]
[Round "4"]
[TimeControl "180+2"]
[Date "2023.07.25"]
[WhiteClock "0:01:45"]
[BlackClock "0:01:25"]
[Board "47"]

1. e4 c6 2. d4 d5 3. e5 c5 4. dxc5 e6 5. Qg4 Nd7 6. Bb5 Ne7 7. Nf3 Nc6 8. b4 Qc7 9. Bb2 a5 10. a3 b6 11. Bxc6 Qxc6 12. Nd4 Qc7 13. Nb5 Qb8 14. Nd6+ 1-0


[Site "https://www.chess.com"]

[Event "Titled Tuesday Blitz July 25 Early 2023"]
[White "Donchenko, Alexander"]
[Black "Vovk, Orest"]
[WhiteFideId "24603295"]
[BlackFideId "14113490"]
[WhiteElo "2833"]
[BlackElo "2573"]
[Result "1-0"]
[Round "4"]
[TimeControl "180+2"]
[Date "2023.07.25"]
[WhiteClock "0:00:21"]
[BlackClock "0:00:03"]
[Board "48"]

1. d4 h6 2. e4 g5 3. h4 g4 4. Qxg4 d5 5. Qf3 dxe4 6. Qxe4 Nf6 7. Qd3 Nc6 8. Nf3 Bg4 9. Nbd2 Qd5 10. Qb3 O-O-O 11. Qxd5 Nxd5 12. c3 e5 13. dxe5 Bg7 14. Bc4 Nxe5 15. Nxe5 Bxe5 16. O-O Nf4 17. Re1 Bg7 18. Re4 Rhe8 19. Rxf4 Re1+ 20. Nf1 f5 21. f3 Be5 22. fxg4 Bxf4 23. Bxf4 Rxa1 24. gxf5 h5 25. f6 b5 26. Be6+ Kb7 27. f7 Re1 28. Bb3 c5 29. Bd5+ Kb6 30. Bh6 Re2 31. b4 c4 32. f8=Q Rxf8 33. Bxf8 Rxa2 34. Ng3 Rc2 35. Bg7 a5 36. bxa5+ Kxa5 37. Nxh5 b4 38. cxb4+ Kxb4 39. Nf4 Rc1+ 40. Kh2 Rd1 41. Bxc4 Kxc4 42. h5 1-0


[Site "https://www.chess.com"]

[Event "Titled Tuesday Blitz July 25 Early 2023"]
[White "Ibadov, Dashgyn"]
[Black "Vitiugov, Nikita"]
[WhiteFideId "24107514"]
[BlackFideId "4152956"]
[WhiteElo "2570"]
[BlackElo "2826"]
[Result "0-1"]
[Round "4"]
[TimeControl "180+2"]
[Date "2023.07.25"]
[WhiteClock "0:00:01"]
[BlackClock "0:00:12"]
[Board "49"]

1. e4 c5 2. Nf3 e6 3. g3 Nc6 4. Bg2 Nf6 5. Nc3 e5 6. O-O d6 7. d3 h6 8. Nh4 Nd4 9. f4 Bg4 10. Qd2 Be7 11. Nf5 Bxf5 12. exf5 exf4 13. Rxf4 Qd7 14. Ne4 O-O 15. c3 Nc6 16. Qf2 Ne5 17. Qf1 Rfe8 18. Bd2 d5 19. Nxf6+ Bxf6 20. h4 Re7 21. Re1 Rae8 22. Kh2 h5 23. Kh1 Qd6 24. d4 cxd4 25. Rxd4 Ng4 26. Rxe7 Rxe7 27. Bf4 Qb6 28. Rxd5 Qxb2 29. Rd2 Qxc3 30. Qd1 Re8 31. Bf3 Be5 32. Bxg4 Bxf4 33. gxf4 hxg4 34. Rd8 Qh3+ 0-1


[Site "https://www.chess.com"]

[Event "Titled Tuesday Blitz July 25 Early 2023"]
[White "Kaasen, Tor Fredrik"]
[Black "Trifan, Andrei Ioan"]
[WhiteFideId "1516647"]
[BlackFideId "12967068"]
[WhiteElo "2826"]
[BlackElo "2569"]
[Result "1/2-1/2"]
[Round "4"]
[TimeControl "180+2"]
[Date "2023.07.25"]
[WhiteClock "0:00:07"]
[BlackClock "0:00:18"]
[Board "50"]

1. e4 b6 2. d4 Bb7 3. Nc3 e6 4. Nf3 Nf6 5. Bd3 Bb4 6. Nd2 c5 7. a3 Ba5 8. dxc5 Bxc3 9. bxc3 bxc5 10. O-O d6 11. Qe2 Nbd7 12. Nc4 Qc7 13. Rb1 Bc6 14. f4 d5 15. exd5 Nxd5 16. f5 e5 17. Qg4 Kf8 18. Qg3 f6 19. Bd2 Kf7 20. Qg4 Rhe8 21. Rbe1 Kg8 22. Rf3 Nf8 23. Rh3 Nf4 24. Rg3 Rad8 25. Rf1 h5 26. Qd1 h4 27. Rg4 h3 28. Bxf4 hxg2 29. Rf2 exf4 30. Rgxf4 Qe7 31. Nd2 Qe1+ 32. Qxe1 Rxe1+ 33. Nf1 gxf1=Q+ 34. Rxf1 Rxf1+ 35. Kxf1 Nd7 36. Bc4+ Kf8 37. Rh4 Ne5 38. Be6 g6 39. Rh7 gxf5 40. Bxf5 Bd7 41. Be4 Be6 42. Rxa7 Bc4+ 43. Kf2 Rd2+ 44. Kg3 Re2 45. Bf5 Re3+ 46. Kf4 Rf3+ 47. Ke4 Bf7 48. Ra8+ Kg7 49. Ra7 Rf2 50. Be6 Rxc2 51. c4 Kg6 52. Bxf7+ Nxf7 53. Kd5 Ne5 54. Ra4 Rxh2 55. Kxc5 Rc2 56. Kd5 Kf5 57. c5 Rd2+ 58. Rd4 Ra2 59. a4 Rc2 60. a5 Ra2 61. Rd1 Rxa5 62. Rf1+ Kg6 63. Kd6 Ra6+ 64. Kd5 Kf7 65. Rh1 Kg6 66. Rg1+ Kf5 67. Rh1 Ng6 68. Rf1+ Nf4+ 69. Kc4 Ke5 70. Kb5 Re6 71. c6 Nd5 72. Rd1 Re8 73. Kc5 Ne3 74. Re1 Ke4 75. c7 Rc8 76. Kc6 f5 77. Kd7 Rxc7+ 78. Kxc7 f4 79. Ra1 f3 80. Ra4+ Kd3 81. Ra3+ Ke2 82. Ra6 f2 83. Rf6 f1=Q 84. Rxf1 Nxf1 1/2-1/2


[Site "https://www.chess.com"]

[Event "Titled Tuesday Blitz July 25 Early 2023"]
[White "Thecourseoisildur"]
[Black "Bachmann, Axel"]
[BlackFideId "3700488"]
[WhiteElo "2568"]
[BlackElo "2817"]
[Result "0-1"]
[Round "4"]
[TimeControl "180+2"]
[Date "2023.07.25"]
[WhiteClock "0:00:21"]
[BlackClock "0:00:49"]
[Board "51"]

1. d4 Nf6 2. c4 c5 3. d5 e6 4. Nf3 exd5 5. cxd5 d6 6. Nc3 g6 7. Bf4 a6 8. a4 Bg7 9. h3 O-O 10. e3 Qe7 11. Bd3 Nbd7 12. O-O Ne8 13. Nd2 Ne5 14. Bxe5 Bxe5 15. Nc4 Bg7 16. e4 Rb8 17. a5 Nc7 18. Qf3 Nb5 19. e5 dxe5 20. d6 Nxd6 21. Nd5 Qd8 22. Nxd6 Qxd6 23. Bc4 e4 24. Qxe4 Bxb2 25. Rad1 Kg7 26. Nb6 Qe5 27. Qxe5+ Bxe5 28. Nxc8 Rfxc8 29. Rd7 Rc7 30. Rfd1 Rbc8 31. R1d5 Rxd7 32. Rxd7 Rc7 33. Rd8 Bc3 34. f3 Bxa5 35. Ra8 Bc3 36. Kf2 Bd4+ 37. Ke2 b5 38. Bd5 c4 39. Rxa6 c3 40. Ra1 c2 41. Rc1 Bb2 42. Kd2 Bxc1+ 43. Kxc1 b4 44. Bb3 Rc3 45. Bxc2 b3 46. Kb2 Rxc2+ 47. Kxb3 Rxg2 0-1


[Site "https://www.chess.com"]

[Event "Titled Tuesday Blitz July 25 Early 2023"]
[White "Gharibyan, Mamikon"]
[Black "Roebers, Eline"]
[WhiteFideId "13308300"]
[BlackFideId "1058401"]
[WhiteElo "2807"]
[BlackElo "2568"]
[Result "0-1"]
[Round "4"]
[TimeControl "180+2"]
[Date "2023.07.25"]
[WhiteClock "0:00:02"]
[BlackClock "0:00:06"]
[Board "52"]

1. b3 a5 2. Nc3 b6 3. Bb2 Bb7 4. Nf3 f5 5. g3 Nf6 6. Bg2 g6 7. d3 Bg7 8. Qd2 O-O 9. a4 d6 10. O-O-O e5 11. Rhg1 Nbd7 12. Ng5 Qc8 13. Ne6 Rf7 14. Nxg7 Kxg7 15. Bxb7 Qxb7 16. f4 Re8 17. h3 Nc5 18. g4 fxg4 19. fxe5 dxe5 20. hxg4 Nd5 21. Rh1 Nf4 22. Rh2 Kg8 23. Kb1 Qc6 24. Rdh1 Ree7 25. e3 Nfe6 26. d4 Ne4 27. Nxe4 Qxe4 28. dxe5 Rd7 29. Qe2 Nc5 30. e6 Qxe6 31. Rh6 Rfe7 32. Qf1 Ne4 33. Qa6 Rd8 34. Qb7 Nc5 35. Qf3 Ne4 36. Qg2 Rd2 37. Qh3 Nf2 38. Qg2 Ne4 39. Qf1 Rf2 40. Qa6 Rff7 41. Qb5 Rd7 42. Qe2 Rf2 43. Qa6 Rff7 44. Qa8+ Rf8 45. Qa6 Nf2 46. Rf1 Nxg4 47. Rxf8+ Kxf8 48. Rh1 Nxe3 49. Re1 Rd1+ 50. Rxd1 Nxd1 51. Qa8+ Ke7 52. Qf3 Ne3 53. Qg3 Kd7 54. Qf4 Nf5 55. Be5 c5 56. Bb8 Kc6 57. Qc7+ Kd5 58. Qf4 Qe1+ 59. Ka2 Qe2 60. Kb1 Nd4 61. c4+ Ke6 62. Qd6+ Kf5 63. Qf4+ Ke6 64. Qd6+ Kf7 65. Qf4+ Kg7 66. Be5+ Kg8 67. Qf6 Qc2+ 68. Ka1 Nxb3# 0-1


[Site "https://www.chess.com"]

[Event "Titled Tuesday Blitz July 25 Early 2023"]
[White "Ezat, Mohamed"]
[Black "Kushko, Dmitriy"]
[WhiteFideId "10600906"]
[BlackFideId "14162261"]
[WhiteElo "2567"]
[BlackElo "2806"]
[Result "1-0"]
[Round "4"]
[TimeControl "180+2"]
[Date "2023.07.25"]
[WhiteClock "0:00:11"]
[BlackClock "0:00:02"]
[Board "53"]

1. d4 g6 2. c4 Bg7 3. e4 d6 4. Nc3 e5 5. dxe5 dxe5 6. Qxd8+ Kxd8 7. f4 Nc6 8. Bd3 Nf6 9. Nf3 Nh5 10. fxe5 Nxe5 11. Be2 Be6 12. O-O c6 13. Ng5 Ke7 14. Nxe6 Kxe6 15. b3 Rad8 16. Bg5 Bf6 17. Be3 Nd3 18. Rad1 Nb2 19. Bg4+ Ke7 20. Bc5+ Ke8 21. Rxd8+ Kxd8 22. Ne2 Be5 23. Bxh5 gxh5 24. Rxf7 Nd3 25. Bd4 Re8 26. Rxb7 Bxd4+ 27. Nxd4 Rxe4 28. Nf3 Re2 29. Rxa7 Nf4 30. Nh4 Rb2 31. h3 Ne2+ 32. Kh2 Nc3 33. Rxh7 Nxa2 34. Rxh5 Rxb3 35. Nf5 Rc3 36. Nd6 Nb4 37. c5 Nd5 38. Rh7 Rc2 39. Rg7 Nf6 40. h4 Nd7 41. h5 Rxc5 42. Nb7+ 1-0


[Site "https://www.chess.com"]